 Dungeon Crawl Stone Soup version 0.22-a0-322-g60b3cfd (webtiles) character file.

2510 xccam the Covert (level 9, -3/70 HPs)
             Began as a Gnoll Wanderer on Apr 3, 2018.
             Was an Initiate of Ashenzari.
             Slain by a scorpion (8 damage)
             ... on level 7 of the Dungeon.
             The game lasted 00:21:46 (7559 turns).

xccam the Covert (Gnoll Wanderer)                   Turns: 7559, Time: 00:21:47

Health: -3/70      AC:  9    Str: 17    XL:     9   Next: 53%
Magic:  15/15      EV: 13    Int: 14    God:    Ashenzari [......]
Gold:   489        SH:  0    Dex: 16    Spells: 16/16 levels left

rFire    . . .     SeeInvis .   d - +1 falchion
rCold    . . .     Gourm    .   (no shield)
rNeg     . . .     Faith    .   m - +0 scale mail
rPois    .         Spirit   .   e - +0 helmet (curse)
rElec    .         Reflect  .   (no cloak)
rCorr    .         Harm     .   (no gloves)
MR       .....                  q - +0 pair of boots
Stlth    ++++......             (no amulet)
HPRegen  0.21/turn              b - ring of stealth (curse)
MPRegen  0.14/turn              z - ring of flight

@: hasted, very quick
A: distributed training, fangs 1, strong nose
a: Curse Item, Renounce Religion, Evoke Flight


You were on level 7 of the Dungeon.
You worshipped Ashenzari.
Ashenzari was noncommittal.
You were not hungry.

You visited 2 branches of the dungeon, and saw 8 of its levels.

You collected 489 gold pieces.

Inventory:

Hand Weapons
 d - a +1 falchion (weapon)
 y - a +0 morningstar
 A - a +0 war axe
Missiles
 s - 107 stones (quivered)
Armour
 e - a cursed +0 helmet (worn)
 m - a +0 scale mail (worn)
 q - a +0 pair of boots (worn)
Jewellery
 b - a cursed ring of stealth (left hand)
 z - a ring of flight (right hand)
Wands
 a - a wand of flame (20)
 x - a wand of random effects (8)
 D - a wand of acid (6)
 G - a wand of digging (8)
Scrolls
 c - 3 scrolls of teleportation
 g - a scroll of fog
 i - a scroll of fear
 j - a scroll of magic mapping
 k - 3 scrolls of noise {unknown}
 l - 2 scrolls of amnesia
 n - 2 scrolls of immolation {unknown}
 o - 6 scrolls of identify
 t - 3 scrolls of remove curse
 w - 2 scrolls of enchant weapon
Potions
 p - a potion of degeneration {unknown}
 r - 2 potions of mutation
 u - 2 potions of resistance {unknown}
 v - a potion of heal wounds {unknown}
 B - a potion of might {unknown}
 F - a potion of flight {unknown}
Comestibles
 f - 5 rations


   Skills:
 + Level 6.3 Fighting
 + Level 4.2 Short Blades
 + Level 5.0 Long Blades
 + Level 4.2 Axes
 + Level 4.2 Maces & Flails
 + Level 4.2 Polearms
 + Level 4.2 Staves
 + Level 4.2 Slings
 + Level 4.2 Bows
 + Level 4.2 Crossbows
 + Level 4.2 Throwing
 + Level 4.2 Armour
 + Level 6.3 Dodging
 + Level 10.4 Stealth
 + Level 4.2 Shields
 + Level 4.2 Unarmed Combat
 + Level 4.2 Spellcasting
 + Level 3.5 Conjurations
 + Level 3.5 Hexes
 + Level 3.5 Charms
 + Level 3.5 Summonings
 + Level 3.5 Necromancy
 + Level 3.5 Translocations
 + Level 3.5 Transmutations
 + Level 3.5 Fire Magic
 + Level 3.5 Ice Magic
 + Level 3.5 Air Magic
 + Level 3.5 Earth Magic
 + Level 3.5 Poison Magic
 + Level 4.7 Invocations
 + Level 4.2 Evocations


You had 16 spell levels left.
You didn't know any spells.

Dungeon Overview and Level Annotations

Branches:
Dungeon (7/15)             Temple (1/1) D:4

Altars:
Ashenzari
Fedhas
Gozag
Hepliaklqana
Kikubaaqudgha
Nemelex Xobeh
Okawaru
Qazlal
Ru
Sif Muna
Trog
Uskayaw
Vehumet
Wu Jian
Xom
Yredelemnul
Zin
The Shining One


Innate Abilities, Weirdness & Mutations

Your experience applies equally to all skills.
You have very sharp teeth.
Your uncanny sense of smell can sniff out nearby items.


Message History

You feel better.
The centaur hits you but does no damage.
The scorpion closely misses you. The centaur hits you.
* * * LOW HITPOINT WARNING * * *
You feel yourself speed up. The centaur hits you!
* * * LOW HITPOINT WARNING * * *
The scorpion closely misses you.
You feel better. The centaur closely misses you.
The scorpion stings you but does no damage.
The centaur misses you.
You slash the centaur!
You kill the centaur!
The scorpion stings you.
* * * LOW HITPOINT WARNING * * *
You completely miss the scorpion. You hit the scorpion but do no damage.
The scorpion barely misses you.
Your scale mail prevents you from hitting the scorpion.
The scorpion misses you.
You hit the scorpion but do no damage. The scorpion stings you!
You die...

#.#...##.# #..####.#
#.##..##.# #....!..#
#.###.##.# ##'######
#.##...#.# ##...##
#......).# ##.....##
###.....####....(..##
####.....###....(....###
...........+.........'!.
#####...####....@..?.###
##.## ##..s))..## .#
##.....## .# ##...## .#
..... %##.#.# . #.... .
∆....##


You could see a scorpion.

Vanquished Creatures
  The ghost of inmateoo the Ducker, a novice OpAM (D:6)
  Sigmund (D:4)
  3 ice beasts
  A phantom (D:6)
  2 sky beasts
  3 ogres
  4 centaurs
  A scorpion (D:6)
  A water moccasin skeleton (D:7)
  A wyvern skeleton (D:7)
  A howler monkey (D:7)
  2 crimson imps (D:6)
  2 bullfrog zombies
  A jelly (D:6)
  A bullfrog skeleton (D:4)
  A centaur skeleton (D:5)
  An orc priest (D:5)
  2 hounds
  3 iguanas
  4 worker ants
  A hound skeleton (D:5)
  Robin (D:3)
  A howler monkey skeleton (D:7)
  4 adders
  A shadow imp (D:6)
  An adder zombie (D:7)
  A worm (D:3)
  2 dart slugs
  6 leopard geckos
  10 orcs
  9 bats
  9 giant cockroaches
  17 goblins
  9 hobgoblins
  11 jackals
  4 kobolds
  A quokka (D:2)
  3 frilled lizards
  A leopard gecko zombie (D:6)
  9 rats
137 creatures vanquished.

Notes
Turn   | Place    | Note
-------+----------+-------------------------------------------
     0 | D:1      | Reached skill level 9 in Stealth
     0 | D:1      | xccam the Gnoll Wanderer began the quest for the Orb.
     0 | D:1      | xccam set off with: a +2 dagger, a potion of haste, a scroll of teleportation, a +0 falchion, a +0 robe, a ration
     0 | D:1      | Reached XP level 1. HP: 20/20 MP: 1/1
   142 | D:1      | Reached XP level 2. HP: 26/26 MP: 2/2
   364 | D:1      | Reached XP level 3. HP: 30/31 MP: 3/3
   892 | D:2      | Reached skill level 1 in Invocations
  1621 | D:3      | Reached skill level 1 in Short Blades
  1621 | D:3      | Reached skill level 1 in Axes
  1621 | D:3      | Reached skill level 1 in Maces & Flails
  1621 | D:3      | Reached skill level 1 in Polearms
  1621 | D:3      | Reached skill level 1 in Staves
  1621 | D:3      | Reached skill level 1 in Slings
  1621 | D:3      | Reached skill level 1 in Bows
  1621 | D:3      | Reached skill level 1 in Crossbows
  1621 | D:3      | Reached skill level 1 in Throwing
  1621 | D:3      | Reached skill level 1 in Armour
  1621 | D:3      | Reached skill level 1 in Shields
  1621 | D:3      | Reached skill level 1 in Unarmed Combat
  1621 | D:3      | Reached skill level 1 in Spellcasting
  1621 | D:3      | Reached skill level 1 in Evocations
  1701 | D:3      | Noticed Robin
  1702 | D:3      | Reached XP level 4. HP: 32/38 MP: 5/5
  1731 | D:3      | Killed Robin
  2174 | D:3      | Reached skill level 1 in Conjurations
  2174 | D:3      | Reached skill level 1 in Hexes
  2174 | D:3      | Reached skill level 1 in Charms
  2174 | D:3      | Reached skill level 1 in Summonings
  2174 | D:3      | Reached skill level 1 in Necromancy
  2174 | D:3      | Reached skill level 1 in Translocations
  2174 | D:3      | Reached skill level 1 in Transmutations
  2174 | D:3      | Reached skill level 1 in Fire Magic
  2174 | D:3      | Reached skill level 1 in Ice Magic
  2174 | D:3      | Reached skill level 1 in Air Magic
  2174 | D:3      | Reached skill level 1 in Earth Magic
  2174 | D:3      | Reached skill level 1 in Poison Magic
  2583 | D:3      | Reached XP level 5. HP: 25/43 MP: 6/6
  2786 | D:4      | Found a glowing silver altar of Zin.
  2787 | D:4      | Found an opulent altar of Gozag.
  3048 | D:4      | Found a staircase to the Ecumenical Temple.
  3068 | Temple   | Entered the Ecumenical Temple
  3220 | D:4      | Noticed an ogre
  3241 | D:4      | Killed an ogre
  3241 | D:4      | Reached XP level 6. HP: 18/50 MP: 8/8
  3611 | D:4      | Noticed Sigmund
  3640 | D:4      | Killed Sigmund
  3640 | D:4      | Reached skill level 5 in Fighting
  3640 | D:4      | Reached skill level 5 in Dodging
  3640 | D:4      | Reached XP level 7. HP: 20/56 MP: 8/10
  4287 | D:5      | Entered Level 5 of the Dungeon
  4844 | D:5      | Reached XP level 8. HP: 37/63 MP: 12/12
  4989 | D:5      | Reached skill level 10 in Stealth
  5746 | D:6      | Noticed inmateoo's ghost (novice OpAM)
  5807 | D:6      | Killed inmateoo's ghost
  6309 | D:6      | Reached XP level 9. HP: 64/69 MP: 14/14
  6362 | D:6      | Found an ornate altar of the Wu Jian Council.
  7047 | D:7      | Found a shattered altar of Ashenzari.
  7219 | D:7      | Became a worshipper of Ashenzari the Shackled
  7343 | D:7      | Reached skill level 5 in Long Blades
  7553 | D:7      | HP: 3/69 [centaur (7)]
  7559 | D:7      | Slain by a scorpion

Vault maps used:
D:1:      saegor_arrival_simple_a
D:2:      first_ration
D:3:      minmay_goblin_outpost, uniq_robin
D:4:      grunt_temple_overflow_gold_and_silver,
          minmay_temple_entry_purple_smoke, uniq_sigmund
D:5:      palyth_stone_intersect
D:6:      nicolae_overflow_crystal_walls, roderic_lattice_a, nrook_pool_corridor
D:7:      lemuel_doored_altar
Temple:   eino_temple_water

Skill      XL: |  1  2  3  4  5  6  7  8  9 |
---------------+----------------------------+-----
Stealth        | 10 | 10.4
Invocations    | 1 2 3 4 |  4.7
Short Blades   | 1 2 3 4 |  4.2
Axes           | 1 2 3 4 |  4.2
Maces & Flails | 1 2 3 4 |  4.2
Polearms       | 1 2 3 4 |  4.2
Staves         | 1 2 3 4 |  4.2
Slings         | 1 2 3 4 |  4.2
Bows           | 1 2 3 4 |  4.2
Crossbows      | 1 2 3 4 |  4.2
Throwing       | 1 2 3 4 |  4.2
Armour         | 1 2 3 4 |  4.2
Shields        | 1 2 3 4 |  4.2
Unarmed Combat | 1 2 3 4 |  4.2
Spellcasting   | 1 2 3 4 |  4.2
Evocations     | 1 2 3 4 |  4.2
Conjurations   | 1 2 3 |  3.5
Hexes          | 1 2 3 |  3.5
Charms         | 1 2 3 |  3.5
Summonings     | 1 2 3 |  3.5
Necromancy     | 1 2 3 |  3.5
Translocations | 1 2 3 |  3.5
Transmutations | 1 2 3 |  3.5
Fire Magic     | 1 2 3 |  3.5
Ice Magic      | 1 2 3 |  3.5
Air Magic      | 1 2 3 |  3.5
Earth Magic    | 1 2 3 |  3.5
Poison Magic   | 1 2 3 |  3.5
Long Blades    | 3 4 5 |  5.0
Fighting       | 5 6 |  6.3
Dodging        | 5 6 |  6.3

Action                   |  1- 3 |  4- 6 |  7- 9 || total
-------------------------+-------+-------+-------++-------
Melee: Falchion          |   108 |   163 |   397 ||   668
       Bite              |    10 |    17 |    56 ||    83
       Punch             |       |       |    10 ||    10
Throw: Stone             |       |    14 |    46 ||    60
Invok: Curse Item        |       |       |     2 ||     2
Evoke: Wand              |       |       |     1 ||     1
  Use: Scroll            |     8 |     2 |       ||    10
       Potion            |       |     3 |     5 ||     8
 Stab: Sleeping          |    25 |     8 |     9 ||    42
       Distracted        |       |       |     1 ||     1
  Eat: Chunk             |     2 |     6 |     4 ||    12
       Ration            |       |       |     3 ||     3
Armor: Robe              |     9 |       |       ||     9
       Scale mail        |     5 |    57 |   144 ||   206
       Skin              |       |    25 |    19 ||    44
Dodge: Dodged            |    72 |    71 |   232 ||   375
       Rpst.: Falchion   |    18 |    16 |    79 ||   113

Table legend:
 A = Spawn XP
 B = Non-spawn XP
 C = Spawn XP percentage of total XP
 D = Spawn monster count
 E = Non-spawn monster count
 F = Spawn count percentage of total count
 G = Total turns spent on level
                    A         B        C        D         E        F      G
               +---------+---------+-------+---------+---------+-------+---------
         Total |       0 |    3586 |   0.0 |       0 |     137 |   0.0 |  7559
               +---------+---------+-------+---------+---------+-------+---------
           D:1 |       0 |      35 |   0.0 |       0 |      22 |   0.0 |   449
           D:2 |       0 |      30 |   0.0 |       0 |      16 |   0.0 |   960
           D:3 |       0 |     138 |   0.0 |       0 |      35 |   0.0 |  1350
           D:4 |       0 |     637 |   0.0 |       0 |      15 |   0.0 |  1442
           D:5 |       0 |     424 |   0.0 |       0 |      13 |   0.0 |  1058
           D:6 |       0 |    1561 |   0.0 |       0 |      20 |   0.0 |  1399
           D:7 |       0 |     761 |   0.0 |       0 |      16 |   0.0 |   815
               +---------+---------+-------+---------+---------+-------+---------
